 Dungeon Crawl Stone Soup version 0.24-a0-284-g9fb9971df1 (webtiles) character file.

Game seed: 17918740569502698948

7 Niddhogr the Stinger (level 2, -2/19 HPs)
             Began as a Formicid Venom Mage on May 5, 2019.
             Slain by an ooze (5 damage)
             ... on level 1 of the Dungeon.
             The game lasted 00:01:55 (283 turns).

Niddhogr the Stinger (Formicid Venom Mage)           Turns: 283, Time: 00:01:56

Health: -2/19      AC:  2    Str: 12    XL:     2   Next: 10%
Magic:  0/5        EV: 12    Int: 14    God:
Gold:   38         SH:  0    Dex: 11    Spells: 4/5 levels left

rFire    . . .     SeeInvis +   h - +0 dagger
rCold    . . .     Gourm    .   (no shield)
rNeg     . . .     Faith    .   a - +0 robe
rPois    .         Spirit   .   (helmet unavailable)
rElec    .         Reflect  .   (no cloak)
rCorr    .         Harm     .   (no gloves)
MR       .....                  (no boots)
Stlth    ++........             (no amulet)
HPRegen  0.06/turn              (no ring)
MPRegen  0.09/turn              (no ring)

@: no status effects
A: permanent stasis, dig shafts and tunnels, four strong arms, antennae 3
a: Dig, Shaft Self


You were on level 1 of the Dungeon.
You were not hungry.

You visited 1 branch of the dungeon, and saw 1 of its levels.

You collected 38 gold pieces.

Inventory:

Hand Weapons
 g - a cursed -2 club
 h - a +0 dagger (weapon)
Missiles
 f - 18 poisoned needles
Armour
 a - a +0 robe (worn)
Scrolls
 d - a scroll of remove curse {unknown}
 e - a scroll of immolation {unknown}
Potions
 b - a potion of curing {unknown}
Comestibles
 c - a ration


   Skills:
 - Level 1.7 Dodging
 - Level 2.4 Stealth
 - Level 2.1 Spellcasting
 - Level 0.8 Conjurations
 + Level 4.7 Poison Magic


You had 4 spell levels left.
You knew the following spells:

 Your Spells              Type           Power        Failure   Level  Hunger
a - Sting                 Conj/Pois      #...         8%          1    #......

Your spell library contained the following spells:

 Spells                   Type           Power        Failure   Level  Hunger
 Poisonous Vapours        Pois/Air       #.....       13%         2    ###....
 Mephitic Cloud           Conj/Pois/Air  #.......     32%         3    ###....
 Olgreb's Toxic Radiance  Pois           ##......     32%         4    #####..
 Venom Bolt               Conj/Pois      #.........   90%         5    ######.


Dungeon Overview and Level Annotations

Branches:
Dungeon (1/15)

Altars:


Innate Abilities, Weirdness & Mutations

You cannot be hasted, slowed, berserked, paralysed or teleported.
You can dig through walls and to a lower floor.
Your four strong arms can wield two-handed weapons with a shield.
You have a pair of large antennae on your head. (SInv)


Message History

The ooze barely misses you.
Unknown command.
Unknown command.
Aim: a kobold The sting hits the kobold but does no damage.
The kobold is poisoned.
* * * LOW MAGIC WARNING * * *
The kobold throws a stone.
The stone barely misses you.
The stone barely misses the ooze.
The stone hits the rat but does no damage.
The ooze hits you.
* * * LOW HITPOINT WARNING * * *
You take 3 damage, and have 3/19 hp.
You now have 1/5 mp.
Aim: a kobold (poisoned)
The sting hits the kobold but does no damage.
The kobold looks even sicker.
* * * LOW MAGIC WARNING * * *
The kobold throws a stone.
The stone hits you but does no damage. The ooze hits you.
You die...

##.## ..... ... ... #.#
#.#
############.#######.##
#........$[..grJ@†.K.>#
..#######.##########..#
### #.# # #.# #######
#.# ......# #b# .####..
... ...## #.# ♣♣..##


You could see an ooze, a goblin, a kobold and a rat.

Levels and vault maps discovered:
D:1:      kilobyte_arrival_exit_the_forest, layout_loops_ring,
          minmay_three_crescents

Notes
Turn   | Place    | Note
-------+----------+-------------------------------------------
     0 | D:1      | Niddhogr the Formicid Venom Mage began the quest for the
                  | Orb.
     0 | D:1      | Reached XP level 1. HP: 13/13 MP: 3/3
   122 | D:1      | Identified a cursed -2 club
   196 | D:1      | Identified a +0 club
   200 | D:1      | Identified a +0 dagger
   238 | D:1      | Reached XP level 2. HP: 12/19 MP: 0/5
   282 | D:1      | HP: 3/19 [ooze (3)]
   283 | D:1      | Slain by an ooze

Table legend:
 A = Turns spent in this place as a percentage of turns spent in the entire game.
 B = Non-inter-level travel turns spent in this place as a percentage of non-inter-level travel turns spent in the entire game.
 C = Inter-level travel turns spent in this place as a percentage of turns spent in this place.
 D = Turns resting spent in this place as a percentage of non-inter-level travel turns spent in this place.
 E = Turns spent auto-exploring this place as a percentage of non-inter-level travel turns spent in this place.
 F = Non-inter-level travel turns spent in this place divided by the number of levels of this place that you've seen.
                   A       B       C       D       E      F
               +-------+-------+-------+-------+-------+----------------------
         Total | 100.0 | 100.0 |   0.0 |   0.0 |  56.9 | 283.0
       Dungeon | 100.0 | 100.0 |   0.0 |   0.0 |  56.9 | 283.0
               +-------+-------+-------+-------+-------+----------------------

Table legend:
 A = Kills in this place as a percentage of kills in entire the game.
 B = Kills by you in this place as a percentage of kills by you in the entire game.
 C = Kills by friends in this place as a percentage of kills by friends in the entire game.
 D = Other kills in this place as a percentage of other kills in the entire game.
 E = Experience gained in this place as a percentage of experience gained in the entire game.
 F = Experience gained in this place divided by the number of levels of this place that you have seen.
                   A       B       C       D       E      F
               +-------+-------+-------+-------+-------+----------------------
         Total | 100.0 | 100.0 |   N/A |   N/A | 100.0 |  11.0
       Dungeon | 100.0 | 100.0 |   N/A |   N/A | 100.0 |  11.0
               +-------+-------+-------+-------+-------+----------------------

Action                   || total
-------------------------++-------
Melee: Unarmed           ||    20
       Dagger            ||     1
 Cast: Sting             ||    14
Armor: Robe              ||     8
Dodge: Dodged            ||    22

Vanquished Creatures
  3 hobgoblins (D:1)
  2 bats (D:1)
  A frilled lizard (D:1)
  2 goblins (D:1)
8 creatures vanquished.
